Map: New Gettysburg LE

Players

llllllllllll - Winner!

  • Race: Protoss Protoss
  • League: Diamond

Luffy

  • Race: Terran Terran
  • League: Diamond

VOD

Have the link to the VOD?

Description

Time

  • Played on: Aug. 2, 2016, 11:16 p.m.
  • Length: 17:21
Show
View Real Time Build Order
Export as new Build Order

llllllllllll Protoss - Winner!

Build Orders:  

Get SALT Encoding   

  12  0:01  Probe (Chrono Boost)  
  13  0:11  Probe (Chrono Boost)  
  14  0:20  Pylon  
  14  0:30  Probe (Chrono Boost)  
  15  0:40  Forge  
  15  0:42  Probe (Chrono Boost)  
  16  0:52  Probe (Chrono Boost)  
  17  1:03  Probe (Chrono Boost)  
  17  1:46  Probe (Chrono Boost)  
  18  1:48  Nexus  
  18  1:49  Assimilator  
  18  1:53  Pylon, Assimilator  
  18  1:56  Probe (Chrono Boost)  
  18  1:57  Pylon  
  18  1:58  Pylon  
  19  2:07  Probe (Chrono Boost)  
  20  2:16  Photon Cannon  
  20  2:33  Photon Cannon  
  20  2:47  Photon Cannon  
  20  3:03  Gateway  
  20  3:07  Gateway  
  20  3:08  Probe (Chrono Boost)  
  21  3:21  Probe (Chrono Boost)  
  21  3:23  Probe (Chrono Boost)  
  23  3:31  Probe (Chrono Boost)  
  23  3:33  Probe (Chrono Boost)  
  25  3:42  Probe (Chrono Boost)  
  25  3:44  Pylon, Probe (Chrono Boost)  
  27  3:52  Probe (Chrono Boost)  
  27  3:54  Cybernetics Core  
  27  3:55  Probe (Chrono Boost)  
  29  3:59  Zealot  
  29  4:01  Zealot  
  33  4:07  Probe (Chrono Boost)  
  33  4:08  Probe (Chrono Boost)  
  35  4:18  Probe x2 (Chrono Boost)  
  37  4:29  Probe x2 (Chrono Boost)  
  37  4:30  Assimilator  
  39  4:32  Assimilator  
  39  4:38  Stargate  
  39  4:39  Stargate, Probe (Chrono Boost)  
  39  4:41  Probe (Chrono Boost)  
  42  5:00  Probe (Chrono Boost)  
  42  5:04  Probe (Chrono Boost)  
  42  5:15  Probe (Chrono Boost)  
  42  5:16  Photon Cannon  
  42  5:17  Stalker x2  
  42  5:19  Mothership Core (Chrono Boost)  
  48  5:22  Photon Cannon  
  48  5:24  Void Ray  
  48  5:25  Photon Cannon  
  46  5:35  Pylon  
  50  5:45  Void Ray  
  52  6:06  Void Ray  
  53  6:13  Probe (Chrono Boost)  
  53  6:15  Probe (Chrono Boost)  
  58  6:25  Probe (Chrono Boost)  
  59  6:26  Probe (Chrono Boost)  
  59  6:28  Void Ray  
  59  6:31  Nexus  
  64  6:42  Probe (Chrono Boost)  
  64  6:43  Void Ray  
  65  6:49  Pylon  
  65  6:52  Twilight Council  
  69  7:10  Void Ray  
  73  7:20  Void Ray  
  77  7:33  Nexus  
  75  7:53  Void Ray  
  75  7:57  Stargate  
  75  7:58  Void Ray  
  83  8:39  Void Ray  
  83  8:45  Void Ray x2  
  83  8:47  Pylon  
  83  8:48  Pylon  
  95  8:50  Pylon  
  95  8:51  Pylon  
  95  8:53  Pylon, Templar Archives  
  95  8:54  Pylon  
  95  8:59  Assimilator  
  95  9:04  Assimilator  
  95  9:16  Void Ray  
  99  9:27  Photon Cannon  
  99  9:29  Photon Cannon  
  99  9:31  Photon Cannon  
  99  9:33  Photon Cannon  
  99  9:34  Pylon  
  99  9:38  Probe (Chrono Boost)  
  101  9:39  Probe (Chrono Boost)  
  101  9:48  Probe (Chrono Boost)  
  101  9:51  Probe x2 (Chrono Boost)  
  104  10:02  Probe (Chrono Boost)  
  104  10:03  Probe (Chrono Boost)  
  106  10:07  Void Ray  
  106  10:12  Probe (Chrono Boost)  
  106  10:13  Void Ray x2  
  119  10:23  Probe (Chrono Boost)  
  120  10:36  Gateway  
  120  10:38  Gateway  
  120  10:39  Psionic Storm  
  120  10:40  Gateway  
  120  10:42  Gateway  
  120  10:44  Gateway  
  120  10:46  Gateway  
  120  10:48  Gateway  
  120  10:53  Warp Gate  
  120  11:13  Void Ray  
  120  11:14  Void Ray x2  
  122  12:03  High Templar x4  
  122  12:04  High Templar x3  
  136  12:18  Mothership Core (Chrono Boost)  
  136  12:21  Probe (Chrono Boost)  
  139  12:32  Nexus, Probe (Chrono Boost)  
  139  12:34  Pylon  
  140  12:42  High Templar  
  142  12:48  Probe (Chrono Boost)  
  143  12:59  Probe (Chrono Boost)  
  143  13:02  Stalker x6  
  156  13:09  Probe (Chrono Boost)  
  135  13:21  Stalker  
  133  13:32  Stalker x6  
  125  13:35  Mothership Core (Chrono Boost)  
  127  13:42  Gateway  
  127  13:46  Gateway  
  127  13:48  Gateway  
  127  13:49  Probe (Chrono Boost)  
  127  13:50  Gateway  
  127  13:51  Stalker  
  127  13:54  Pylon x2  
  130  14:00  Probe (Chrono Boost)  
  130  14:02  Stalker x5  
  141  14:13  Assimilator  
  141  14:15  Assimilator  
  141  14:44  Stalker  
  141  14:45  Stalker x4  
  149  14:46  Stalker x2  
  150  15:11  Probe (Chrono Boost)  
  147  15:22  Probe (Chrono Boost)  
  134  16:06  Zealot x5  
  134  16:07  Zealot x2  
  134  16:11  Cybernetics Core  
  140  16:20  Cybernetics Core  
  140  16:22  Void Ray x3  
Show
View Real Time Build Order
Export as new Build Order

Luffy Terran 

Build Orders:  

Get SALT Encoding   

  12  0:00  SCV  
  13  0:13  SCV  
  14  0:25  Supply Depot, SCV  
  15  0:35  Refinery  
  15  0:47  SCV  
  16  0:54  Barracks  
  16  0:59  SCV  
  17  1:11  SCV  
  18  1:23  SCV  
  19  1:44  Marine, Orbital Command  
  20  1:47  Bunker  
  20  1:59  Supply Depot  
  20  2:02  Marine  
  20  2:03  Bunker  
  21  2:12  SCV  
  22  2:20  Marine  
  23  2:24  SCV  
  24  2:37  Marine  
  25  2:44  Command Center  
  24  2:55  Marine  
  24  2:56  SCV  
  25  3:00  Factory  
  24  3:09  Refinery  
  24  3:10  SCV  
  25  3:13  Marine  
  26  3:28  SCV  
  26  3:29  Command Center  
  26  3:32  Marine  
  28  3:37  Supply Depot  
  28  3:40  SCV  
  29  3:44  Factory Reactor  
  29  3:45  Starport  
  29  3:56  Barracks Reactor  
  29  3:57  SCV  
  29  3:58  Supply Depot  
  30  4:05  Supply Depot  
  30  4:09  SCV  
  31  4:16  Orbital Command  
  31  4:24  Medivac  
  33  4:36  Marine x2  
  33  4:38  Factory Tech Lab  
  35  4:45  Barracks  
  35  4:48  SCV  
  35  4:50  SCV  
  37  4:53  Marine  
  37  4:54  Marine  
  37  4:56  Orbital Command  
  39  5:09  SCV  
  40  5:19  SCV  
  41  5:26  SCV  
  42  5:33  Marine x2  
  42  5:34  Marine x2  
  42  5:35  SCV  
  47  5:36  Factory Tech Lab  
  47  5:40  Barracks  
  47  5:42  Barracks  
  47  5:44  Barracks  
  47  5:45  Barracks  
  47  5:59  Marine x4  
  47  6:10  SCV x2  
  47  6:13  SCV  
  47  6:17  Siege Tank  
  47  6:18  Banshee, Cloaking Field  
  49  6:22  SCV  
  49  6:24  Engineering Bay, SCV  
  54  6:25  SCV  
  54  6:28  Barracks Tech Lab  
  54  6:29  Barracks Tech Lab  
  54  6:32  Barracks  
  55  6:34  Barracks  
  55  6:35  Barracks Tech Lab  
  55  6:36  Barracks Tech Lab  
  55  6:39  SCV x3  
  58  6:47  Marine x2  
  58  6:51  SCV x3  
  58  6:53  Siege Tank  
  66  7:02  Refinery  
  66  7:03  SCV x2  
  66  7:07  Refinery  
  68  7:18  Barracks Reactor, SCV x2  
  68  7:19  SCV  
  70  7:30  Terran Infantry Weapons Level 1, Engineering Bay, SCV x2  
  70  7:32  Armory, SCV  
  70  7:34  Stimpack, Concussive Shells  
  70  7:35  Combat Shields  
  70  7:36  Marauder x2  
  77  7:39  Marine  
  77  7:53  Marine x3  
  77  7:56  Missile Turret  
  77  7:58  Missile Turret  
  77  8:00  Missile Turret  
  77  8:14  Starport  
  77  8:23  Marine  
  77  8:42  Missile Turret  
  77  8:43  Missile Turret  
  77  8:44  Missile Turret  
  77  8:46  Marine x3, Supply Depot x2  
  77  8:47  Marauder x2, SCV  
  85  8:59  Terran Infantry Armor Level 1  
  85  9:06  Supply Depot  
  85  9:07  Marine x5, Supply Depot  
  85  9:08  Marine x4, SCV x2  
  96  9:10  Supply Depot  
  96  9:13  Supply Depot  
  96  9:14  Supply Depot, Starport Reactor  
  96  9:18  SCV  
  96  9:20  SCV x2  
  99  9:25  Marine x7  
  99  9:26  Marine x2  
  108  9:32  Terran Infantry Weapons Level 2  
  108  9:36  Missile Turret  
  108  9:37  Supply Depot  
  108  9:39  Missile Turret  
  108  9:43  Marine x8, Barracks  
  108  9:44  Barracks  
  116  9:54  Marine  
  117  10:00  Missile Turret  
  117  10:01  Marine x3  
  118  10:11  Missile Turret  
  118  10:12  Missile Turret  
  114  10:14  Marine, Missile Turret x2  
  114  10:15  Marine, Missile Turret  
  114  10:16  Missile Turret  
  114  10:17  Missile Turret x2  
  114  10:26  Marine  
  114  10:27  Marine x5  
  114  10:28  Marine  
  104  10:31  Marine  
  103  10:44  Refinery  
  103  10:49  SCV  
  104  10:52  Command Center  
  104  10:59  Marine x4  
  102  11:31  Marine x4  
  105  11:39  Viking x2  
  107  11:50  SCV x2  
  107  12:01  Marine x6  
  105  12:02  Marine x2, SCV  
  112  12:09  Viking x2  
  112  12:10  Marine  
  112  12:11  Marine  
  118  12:18  Marine x2, Missile Turret  
  118  12:19  Marine x3  
  118  12:20  Orbital Command  
  123  12:24  Marine x2  
  123  12:28  Marine  
  126  12:39  Marine x5, Viking x2  
  126  12:43  Marine x3  
  140  12:44  Marauder  
  140  12:47  Marauder  
  142  12:56  Marine  
  143  13:01  Marauder  
  145  13:09  Medivac x2  
  116  13:29  Marine x7  
  116  13:30  Marine x3  
  117  13:39  Medivac  
  119  13:47  Marine x8  
  119  13:48  Marine x2  
  129  13:56  Orbital Command  
  129  14:04  Marine x2  
  129  14:05  Marine x4  
  129  14:06  Marauder x2  
  139  14:24  Command Center  
  132  14:49  Marine x7  
  132  14:50  Marine  
  112  15:04  Marine  
  112  15:05  Marauder  
  77  15:22  Marine x2  
  59  15:42  Marine x3  
  50  16:04  Marine  
  50  16:09  Marine  
  51  16:12  Marine  
  51  16:20  Orbital Command  
  51  16:33  Medivac x2, Orbital Command  
  43  16:56  Marine  
  43  16:57  Marine, Marauder  
Tags
 
Add a new tag
Caveats
  • Supply blocks, unpowered buildings, or Contaminate may cause inaccurate times.
  • Supply counts are checked every 10 seconds.